 Dungeon Crawl Stone Soup version 0.21.2 (webtiles) character file.

771 asishallab the Charmwright (level 7, -1/56 HPs)
             Began as a Gnoll Skald on Oct 6, 2018.
             Slain by Duvessa
             ... wielding a +0 short sword
              (12 damage)
             ... on level 4 of the Dungeon on Oct 7, 2018.
             The game lasted 00:16:20 (4364 turns).

asishallab the Charmwright (Gnoll Skald)            Turns: 4364, Time: 00:16:20

Health: -1/56      AC: 10    Str: 15    XL:     7   Next: 83%
Magic:  6/15       EV: 14    Int: 16    God:
Gold:   37         SH:  0    Dex: 16    Spells: 6/17 levels left

rFire    . . .     SeeInvis .   a - +2 hand axe
rCold    . . .     Gourm    .   (no shield)
rNeg     . . .     Faith    .   j - +0 ring mail
rPois    .         Spirit   .   (no helmet)
rElec    .         Reflect  .   m - +0 cloak
rCorr    .         Harm     .   z - +0 pair of gloves
MR       .....                  (no boots)
Stlth    ++........             t - amulet of rage
HPRegen  1.18/turn              i - ring of wizardry
MPRegen  0.14/turn              (no ring)

@: singing, regenerating (expiring)
A: distributed training, fangs 1, molten scales 1, strong 1, strong nose
a: Evoke Berserk Rage


You were on level 4 of the Dungeon.
You were not hungry.

You visited 1 branch of the dungeon, and saw 4 of its levels.

You collected 221 gold pieces.
You spent 184 gold pieces at shops.

Inventory:

Hand Weapons
 a - a +2 hand axe (weapon)
 b - a +0 hunting sling
 c - a +0 dagger
 d - a +2 mace of holy wrath
Missiles
 f - 126 stones (quivered)
 r - 6 sling bullets
Armour
 j - a +0 ring mail (worn)
 m - a +0 cloak (worn)
 y - a scarf of resistance
 z - a +0 pair of gloves (worn)
Jewellery
 i - a ring of wizardry (left hand)
 k - an uncursed amulet of regeneration
 p - a +1 ring of protection {unknown}
 t - an amulet of rage (around neck)
Wands
 w - a wand of flame (22)
Scrolls
 g - a scroll of remove curse
 o - a scroll of identify
 s - a scroll of enchant armour {unknown}
 u - 3 scrolls of amnesia
Potions
 h - a potion of degeneration {unknown}
 l - a potion of lignification {unknown}
 n - a potion of curing
 q - a potion of mutation
 v - a potion of brilliance {unknown}
Books
 e - a book of Battle

   Spells                             Type                      Level
   a - Infusion                       Charms                       1
   b - Shroud of Golubria             Charms/Translocation         2
   c - Song of Slaying                Charms                       2
   d - Spectral Weapon                Hexes/Charms                 3
   e - Regeneration                   Charms/Necromancy            3
Comestibles
 x - 9 rations


   Skills:
 + Level 5.3 Fighting
 + Level 2.7 Short Blades
 + Level 2.7 Long Blades
 + Level 5.3 Axes
 + Level 2.7 Maces & Flails
 + Level 2.7 Polearms
 + Level 2.7 Staves
 + Level 2.7 Slings
 + Level 2.7 Bows
 + Level 2.7 Crossbows
 + Level 2.7 Throwing
 + Level 3.8 Armour
 + Level 5.3 Dodging
 + Level 2.7 Stealth
 + Level 2.7 Shields
 + Level 2.7 Unarmed Combat
 + Level 5.7 Spellcasting
 + Level 2.2 Conjurations
 + Level 2.2 Hexes
 + Level 5.9 Charms
 + Level 2.2 Summonings
 + Level 2.2 Necromancy
 + Level 2.2 Translocations
 + Level 2.2 Transmutations
 + Level 2.2 Fire Magic
 + Level 2.2 Ice Magic
 + Level 2.2 Air Magic
 + Level 2.2 Earth Magic
 + Level 2.2 Poison Magic
 + Level 3.0 Invocations
 + Level 2.7 Evocations


You had 6 spell levels left.
You knew the following spells:

 Your Spells              Type           Power        Failure   Level  Hunger
a - Infusion              Chrm           ###.         1%          1    None
b - Shroud of Golubria    Chrm/Tloc      ###.......   3%          2    #......
c - Song of Slaying       Chrm           ###.....     1%          2    #......
d - Spectral Weapon       Hex/Chrm       ###.....     6%          3    ##.....
e - Regeneration          Chrm/Necr      ###.......   6%          3    ##.....


Dungeon Overview and Level Annotations

Branches:
Dungeon (4/15)
 Temple: D:4-7

Altars:
Ashenzari

Shops:
D:4 [

Annotations:
D:4 Duvessa


Innate Abilities, Weirdness & Mutations

Your experience applies equally to all skills.
You have very sharp teeth.
Your uncanny sense of smell can sniff out nearby items.
You are partially covered in molten scales. (AC +2)
Your muscles are strong. (Str +2)


Message History

You kill the adder!
Duvessa closely misses you.
You hit Duvessa but do no damage.
Duvessa is severely wounded.
Your skin is crawling a little less now.
Duvessa closely misses you. Duvessa hits you with a short sword!
Your shroud falls apart!
You closely miss Duvessa.
Duvessa is severely wounded.
Duvessa misses you. Duvessa barely misses you.
You hit Duvessa but do no damage.
Duvessa is heavily wounded.
Duvessa hits you with a short sword!
* * * LOW HITPOINT WARNING * * *
You hit Duvessa but do no damage.
Duvessa is heavily wounded.
Duvessa hits you with a short sword.
* * * LOW HITPOINT WARNING * * *
Duvessa hits you with a short sword!
You die...

#######+###..##..##
#..###..####'##..##
#...)...'.....#....
#...#...#.....#....
#####..##..##..###.##.
#..##..###########.##.
#.......# #.........
#.......+ #.........
#####@e## #.###..###
#)## #######..###
#.........#...........
#.........#...........
#.........#...........
#..##..##.########..##
#.. #### ## #### #. #[


You could see Duvessa (berserk).

Vanquished Creatures
  Grinder (D:4)
  An ogre (D:4)
  Dowan (D:4)
  An orc priest (D:4)
  Crazy Yiuf (D:2)
  A gnoll shaman (D:3)
  2 orc wizards
  Ijyb (D:4)
  Natasha (thrice) (D:2)
  Robin (D:4)
  9 adders
  3 gnolls (D:3)
  3 worms (D:2)
  A leopard gecko (D:3)
  6 orcs
  2 bats
  5 giant cockroaches
  21 goblins
  6 hobgoblins
  2 kobolds
  A quokka (D:4)
  2 ball pythons
  5 frilled lizards
  4 rats
83 creatures vanquished.

Vanquished Creatures (others)
  A goblin (D:1)
1 creature vanquished.

Grand Total: 84 creatures vanquished

Notes
Turn   | Place    | Note
-------+----------+-------------------------------------------
     0 | D:1      | asishallab the Gnoll Skald began the quest for the Orb.
     0 | D:1      | Reached XP level 1. HP: 20/20 MP: 6/6
   280 | D:1      | Reached XP level 2. HP: 26/26 MP: 7/7
   284 | D:1      | Learned a level 2 spell: Shroud of Golubria
   287 | D:1      | Learned a level 2 spell: Song of Slaying
   355 | D:1      | Found a shattered altar of Ashenzari.
   882 | D:2      | Reached XP level 3. HP: 23/31 MP: 9/9
   887 | D:2      | Learned a level 3 spell: Spectral Weapon
   891 | D:2      | Learned a level 3 spell: Regeneration
   938 | D:2      | Reached skill level 5 in Spellcasting
  1142 | D:2      | Noticed Natasha
  1157 | D:2      | Killed Natasha
  1157 | D:2      | Reached skill level 1 in Short Blades
  1157 | D:2      | Reached skill level 1 in Long Blades
  1157 | D:2      | Reached skill level 1 in Maces & Flails
  1157 | D:2      | Reached skill level 1 in Polearms
  1157 | D:2      | Reached skill level 1 in Staves
  1157 | D:2      | Reached skill level 1 in Slings
  1157 | D:2      | Reached skill level 1 in Bows
  1157 | D:2      | Reached skill level 1 in Crossbows
  1157 | D:2      | Reached skill level 1 in Throwing
  1157 | D:2      | Reached skill level 1 in Stealth
  1157 | D:2      | Reached skill level 1 in Shields
  1157 | D:2      | Reached skill level 1 in Unarmed Combat
  1157 | D:2      | Reached skill level 1 in Invocations
  1157 | D:2      | Reached skill level 1 in Evocations
  1222 | D:2      | Noticed Natasha
  1236 | D:2      | Killed Natasha
  1236 | D:2      | Reached XP level 4. HP: 16/38 MP: 3/11
  1457 | D:2      | Noticed Natasha
  1465 | D:2      | Killed Natasha
  1465 | D:2      | Reached skill level 1 in Conjurations
  1465 | D:2      | Reached skill level 1 in Hexes
  1465 | D:2      | Reached skill level 1 in Summonings
  1465 | D:2      | Reached skill level 1 in Necromancy
  1465 | D:2      | Reached skill level 1 in Translocations
  1465 | D:2      | Reached skill level 1 in Transmutations
  1465 | D:2      | Reached skill level 1 in Fire Magic
  1465 | D:2      | Reached skill level 1 in Ice Magic
  1465 | D:2      | Reached skill level 1 in Air Magic
  1465 | D:2      | Reached skill level 1 in Earth Magic
  1465 | D:2      | Reached skill level 1 in Poison Magic
  1629 | D:2      | Found a runed door.
  1687 | D:2      | Noticed Crazy Yiuf
  1702 | D:2      | Killed Crazy Yiuf
  1702 | D:2      | Reached XP level 5. HP: 33/43 MP: 0/12
  2644 | D:3      | Reached XP level 6. HP: 50/50 MP: 13/13
  3440 | D:3      | Gained mutation: You are partially covered in molten scales. (AC +2) [potion of mutation]
  3440 | D:3      | Gained mutation: Your muscles are strong. (Str +2) [potion of mutation]
  3640 | D:4      | Reached skill level 5 in Fighting
  3640 | D:4      | Reached skill level 5 in Axes
  3640 | D:4      | Reached skill level 5 in Dodging
  3791 | D:4      | Noticed Robin
  3806 | D:4      | Killed Robin
  3878 | D:4      | Found Cejoick's Antique Armour Shop.
  3881 | D:4      | Bought an embroidered scarf for 184 gold pieces
  3902 | D:4      | Noticed Ijyb
  3919 | D:4      | Killed Ijyb
  3919 | D:4      | Reached XP level 7. HP: 45/56 MP: 15/15
  4066 | D:4      | Noticed Grinder
  4084 | D:4      | Paralysed by Grinder for 3 turns
  4093 | D:4      | Killed Grinder
  4338 | D:4      | Noticed Duvessa
  4338 | D:4      | Noticed Dowan
  4356 | D:4      | Killed Dowan
  4364 | D:4      | Slain by Duvessa

Skill      XL: |  1  2  3  4  5  6  7 |
---------------+----------------------+-----
Spellcasting   | 5 |  5.7
Short Blades   | 1 2 |  2.7
Long Blades    | 1 2 |  2.7
Maces & Flails | 1 2 |  2.7
Polearms       | 1 2 |  2.7
Staves         | 1 2 |  2.7
Slings         | 1 2 |  2.7
Bows           | 1 2 |  2.7
Crossbows      | 1 2 |  2.7
Throwing       | 1 2 |  2.7
Stealth        | 1 2 |  2.7
Shields        | 1 2 |  2.7
Unarmed Combat | 1 2 |  2.7
Invocations    | 1 2 3 |  3.0
Evocations     | 1 2 |  2.7
Conjurations   | 1 2 |  2.2
Hexes          | 1 2 |  2.2
Summonings     | 1 2 |  2.2
Necromancy     | 1 2 |  2.2
Translocations | 1 2 |  2.2
Transmutations | 1 2 |  2.2
Fire Magic     | 1 2 |  2.2
Ice Magic      | 1 2 |  2.2
Air Magic      | 1 2 |  2.2
Earth Magic    | 1 2 |  2.2
Poison Magic   | 1 2 |  2.2
Armour         | 3 |  3.8
Fighting       | 5 |  5.3
Axes           | 5 |  5.3
Dodging        | 5 |  5.3
Charms         | |  5.9

Action                   |  1- 3 |  4- 6 |  7- 9 || total
-------------------------+-------+-------+-------++-------
Melee: Hand axe          |    56 |   120 |    42 ||   218
       Bite              |     9 |    18 |     3 ||    30
       Mace              |       |    18 |       ||    18
       Dagger            |       |    22 |       ||    22
       Punch             |       |     1 |       ||     1
 Fire: Hunting sling     |    33 |    54 |       ||    87
Throw: Stone             |       |       |     2 ||     2
 Cast: Shroud of Golubri |     2 |     6 |     5 ||    13
       Regeneration      |     2 |     6 |     4 ||    12
       Infusion          |     1 |     2 |       ||     3
       Spectral Weapon   |       |     1 |       ||     1
       Song of Slaying   |       |     4 |     2 ||     6
 Abil: Evoke Berserk Rag |       |     1 |       ||     1
  Use: Potion            |       |     4 |       ||     4
       Scroll            |       |    10 |       ||    10
 Stab: Sleeping          |       |     2 |       ||     2
  Eat: Chunk             |     1 |     7 |       ||     8
       Ration            |       |     1 |     1 ||     2
Armor: Leather armour    |     1 |       |       ||     1
       Ring mail         |    11 |    91 |    22 ||   124
Dodge: Dodged            |    22 |   179 |    40 ||   241
